Map: Moonlight Madness LE (Void)

Players

shaoling

  • Race: Zerg Zerg
  • League: Silver

wabbajack - Winner!

  • Race: Zerg Zerg
  • League: Bronze

VOD

Have the link to the VOD?

Description

Time

  • Played on: July 16, 2015, 7:37 p.m.
  • Length: 6:10
Show
View Real Time Build Order
Export as new Build Order

shaoling Zerg 

Build Orders: Pool First 

Get SALT Encoding   

  12  0:01  Drone  
  13  0:12  Overlord  
  13  0:17  Drone  
  14  0:32  Drone x2  
  16  0:45  Spawning Pool  
  16  0:46  Drone  
  16  0:50  Drone  
  16  0:56  Drone  
  18  1:06  Drone  
  19  1:22  Hatchery  
  19  1:24  Drone, Extractor  
  18  1:29  Drone  
  19  1:38  Queen  
  21  1:45  Overlord  
  21  2:01  Drone  
  21  2:04  Zergling x2  
  23  2:12  Drone  
  24  2:15  Queen  
  26  2:22  Overlord  
  26  2:31  Metabolic Boost  
  26  2:37  Drone  
  26  2:39  Queen  
  29  2:46  Drone x3  
  29  2:47  Drone x2  
  29  2:50  Drone  
  35  3:01  Baneling Nest  
  33  3:13  Drone x2  
  35  3:25  Zergling x2  
  35  3:26  Zergling x12  
  35  3:27  Zergling x2  
  43  3:34  Roach Warren  
  43  3:38  Zergling x4  
  43  3:39  Spine Crawler  
  43  3:46  Overlord  
  43  3:56  Overlord  
  42  4:16  Drone x3  
  45  4:21  Drone x4  
  45  4:22  Drone  
  50  4:27  Spine Crawler  
  47  4:34  Spine Crawler  
  47  4:37  Spine Crawler  
  45  4:39  Spine Crawler  
  48  4:45  Roach x2  
  48  4:46  Roach x5  
  48  4:52  Roach  
  57  5:01  Roach x2  
  57  5:05  Roach  
  57  5:16  Roach x2  
  57  5:17  Roach  
  52  5:31  Roach x2  
  51  5:36  Roach  
  51  5:42  Drone x4  
  48  5:43  Drone x3  
Show
View Real Time Build Order
Export as new Build Order

wabbajack Zerg - Winner!

Build Orders: Hatch First 

Get SALT Encoding   

  12  0:01  Drone  
  13  0:13  Drone  
  14  0:23  Overlord  
  14  0:29  Drone x2, Extractor x2  
  16  0:43  Drone  
  17  0:57  Hatchery  
  16  1:03  Drone x2  
  18  1:07  Extractor  
  17  1:11  Drone  
  18  1:19  Drone  
  19  1:32  Drone  
  20  1:41  Spawning Pool  
  20  1:43  Overlord  
  19  1:52  Drone  
  20  2:02  Drone  
  21  2:17  Drone  
  21  2:22  Drone  
  23  2:23  Drone  
  23  2:25  Drone  
  23  2:27  Queen  
  27  2:31  Metabolic Boost  
  27  2:32  Spine Crawler  
  27  2:36  Spine Crawler, Queen  
  27  2:38  Drone  
  27  2:43  Drone x2  
  30  2:55  Roach Warren  
  29  3:11  Overlord x2  
  29  3:14  Drone  
  30  3:35  Roach  
  30  3:36  Roach x2  
  30  3:40  Roach x4  
  44  3:46  Roach  
  44  3:47  Roach  
  50  3:48  Roach  
  50  3:50  Roach  
  50  3:54  Overlord  
  52  3:57  Overlord  
  52  4:24  Zergling x2  
  52  4:25  Hatchery, Zergling x12  
  58  4:35  Zergling x2  
  58  4:36  Zergling x6  
  62  4:39  Overlord  
  62  4:47  Lair  
  55  5:16  Zergling x14  
  55  5:17  Zergling x12  
  54  5:46  Drone  
  54  5:47  Drone x8  
Tags
 
Add a new tag
Caveats
  • Supply blocks, unpowered buildings, or Contaminate may cause inaccurate times.
  • Supply counts are checked every 10 seconds.